 Dungeon Crawl Stone Soup version 0.29.1-13-g9f3cf754e1 (webtiles) character file.

Game seed: 5721337789519513002

72 Peloso the Shield-Bearer (level 4, 0/40 HPs)
             Began as a Minotaur Fighter on Jan 22, 2023.
             Slain by a gnoll
             ... wielding a +0 spear
              (1 damage)
             ... on level 3 of the Dungeon.
             The game lasted 00:02:52 (1759 turns).

Peloso the Shield-Bearer (Minotaur Fighter)         Turns: 1759, Time: 00:02:53

Health: 0/40       AC: 11    Str: 20    XL:     4   Next: 6%
Magic:  3/3        EV:  7    Int:  5    God:
Gold:   85         SH:  5    Dex: 12    Spells: 3/3 levels left

rFire   . . .      SeeInvis .   a - +0 long sword
rCold   . . .      Faith    .   d - +0 buckler
rNeg    . . .      Spirit   .   f - +0 chain mail
rPois   .          Reflect  .   (helmet restricted)
rElec   .          Harm     .   (no cloak)
rCorr   .          Rampage  .   c - +1 pair of gloves
Will    .....                   (no boots)
Stlth   ..........              (no amulet)
HPRegen 0.13/turn               (no ring)
MPRegen 0.08/turn               (no ring)

@: no status effects
A: horns 2, retaliatory headbutt
a: no special abilities


You were on level 3 of the Dungeon.
You visited 1 branch of the dungeon, and saw 3 of its levels.

You collected 85 gold pieces.

Inventory:

Hand Weapons
 a - a +0 long sword (weapon)
Armour
 b - a +0 scale mail
 c - a +1 pair of gloves (worn)
 d - a +0 buckler (worn)
 f - a +0 chain mail (worn)
Jewellery
 g - a +4 ring of evasion
 n - a +4 ring of protection
Scrolls
 k - a scroll of magic mapping
 o - a scroll of vulnerability {unknown}
Potions
 e - a potion of might
 h - 2 potions of flight
 i - 2 potions of invisibility
 j - a potion of heal wounds {unknown}
 l - a potion of mutation {unknown}
 m - a potion of berserk rage {unknown}


   Skills:
 + Level 4.1 Fighting
 + Level 3.3 Long Blades
 + Level 4.4 Armour
 + Level 4.4 Shields


You had 3 spell levels left.
You didn't know any spells.
Your spell library contained the following spells:

 Spells                   Type           Power      Damage    Failure   Level
 Corpse Rot               Necr/Pois/Air  0%         N/A       100%        4
 Dispel Undead            Necr           0%         3d6       100%        4
 Death Channel            Necr           0%         N/A       100%        6


Dungeon Overview and Level Annotations

Branches:
Dungeon (3/15)

Altars:

Shops:
D:1 :

Annotations:
D:3 1 runed translucent door


Innate Abilities, Weirdness & Mutations

You have a pair of horns on your head.
You reflexively headbutt those who attack you in melee.


Message History

The gnoll is almost dead.
You block the gnoll's attack.
You hit the gnoll.
You kill the gnoll!
The gnoll hits you with a +0 club. The gnoll hits you but does no damage.
The gnoll hits you with a +0 club. You block the gnoll's attack.
The gnoll closely misses you. You furiously retaliate!
You headbutt the gnoll!
You see here a +0 halberd.
You closely miss the gnoll. You headbutt the gnoll.
The gnoll is almost dead.
The gnoll hits you with a +0 spear.
* * * LOW HITPOINT WARNING * * *
You barely miss the gnoll.
You headbutt the gnoll, but do no damage.
The gnoll is almost dead.
The gnoll hits you but does no damage.
A gnoll comes into view. It is wielding a +0 spear.
The gnoll closely misses you.
Unknown command.
You slash the gnoll!
You kill the gnoll!
The gnoll barely misses you. You furiously retaliate!
You headbutt the gnoll!
You have reached level 4!
You feel agile.
You completely miss the gnoll.
The gnoll is severely wounded.
The gnoll hits you but does no damage.
The gnoll throws a throwing net.
The throwing net hits you.
You become entangled in the net!
The gnoll hits you with a +0 spear.
* * * LOW HITPOINT WARNING * * *
Unknown command.
You struggle against the net.
The gnoll hits you but does no damage. x2
Unknown command.
You struggle against the net.
The gnoll hits you with a +0 spear.
* * * LOW HITPOINT WARNING * * *
The gnoll hits you but does no damage.
You shred the net and break free! The gnoll hits you but does no damage.
The gnoll hits you from afar with a +0 spear.
You die...

#.# #..# #.# #..# #[#
#..# #.# ### #..# #.#
... ..# #.# #####.##g#
#.#
......g..###########.#
#..@)............#
##################


You could see 2 gnolls.

Vanquished Creatures
  2 gnolls (D:3)
  An adder (D:2)
  2 orcs (D:3)
  3 bats
  4 endoplasms
  2 giant cockroaches (D:1)
  2 goblins (D:1)
  7 hobgoblins
  2 kobolds
  A quokka (D:1)
  8 ball pythons
  2 frilled lizards
  2 rats (D:1)
38 creatures vanquished.

Vanquished Creatures (others)
  A fungus (D:3)
  3 plants (D:3)
4 creatures vanquished.

Grand Total: 42 creatures vanquished

Notes
Turn   | Place    | Note
-------+----------+-------------------------------------------
     0 | D:1      | Peloso the Minotaur Fighter began the quest for the Orb.
     0 | D:1      | Reached XP level 1. HP: 19/19 MP: 0/0
    36 | D:1      | Found Syesonli's Vocational Training.
   405 | D:1      | Reached XP level 2. HP: 23/27 MP: 1/1
   882 | D:2      | Reached XP level 3. HP: 23/33 MP: 2/2
  1130 | D:2      | Found a faded altar of an unknown god.
  1709 | D:3      | Found a runed translucent gate.
  1756 | D:3      | Reached XP level 4. HP: 6/40 MP: 3/3
  1758 | D:3      | HP: 1/40 [gnoll/+0 spear (4)]
  1759 | D:3      | Slain by a gnoll

Illustrated notes

Levels and vault maps discovered:
D:1:      grunt_arrival_lava_bath, layout_basic, nicolae_shop_vocational
D:2:      layout_basic, nicolae_ecumenical_snake_handling
D:3:      layout_loops_ring, serial_shops, nicolae_square_shop,
          gammafunk_ghost_nasty_kobolds

Skill      XL: |  1  2  3 |
---------------+----------+-----
Fighting       | 4 |  4.1
Shields        | 4 |  4.4
Armour         | 4 |  4.4
Long Blades    | 3 |  3.3

Action                   |  1- 3 |  4- 6 || total
-------------------------+-------+-------++-------
Melee: Long sword        |    93 |     1 ||    94
       Headbutt          |    11 |       ||    11
  Use: Scroll            |     4 |       ||     4
Armor: Chain mail        |    67 |     5 ||    72
       Scale mail        |     3 |       ||     3
Dodge: Dodged            |    32 |       ||    32
Block: Buckler           |    19 |       ||    19
